 Dungeon Crawl Stone Soup version 0.31-a0-844-gdc52ec4e09 (webtiles) character file.

Game seed: 11970797780148655744

36808 BinkBink the Thrower (level 13, -9/118 HPs)
             Began as a Pale Draconian Monk on Sept 28, 2023.
             Was the Champion of Okawaru.
             Mangled by a two-headed ogre
             ... wielding a +0 giant club
              (11 damage)
             ... on level 14 of the Dungeon.
             The game lasted 01:19:13 (22473 turns).

BinkBink the Thrower (Pale Draconian Monk)         Turns: 22473, Time: 01:19:14

Health: -9/118     AC: 12    Str: 18    XL:     13   Next: 55%
Magic:  13/13      EV: 18    Int: 12    God:    Okawaru [******]
Gold:   776        SH:  0    Dex: 17    Spells: 12/12 levels left

rFire   + . .        e - +6 triple sword of Macvu {flame, rC+ Str+2}
rCold   + . .        (shield currently unavailable)
rNeg    . . .        (body armour unavailable)
rPois   .            (helmet restricted)
rElec   .            a - scarf "Nienalam" {repulsion, rF+ Dex+2}
rCorr   .            d - +2 pair of gloves {hurl}
SInv    +            A - +0 pair of boots
Will    .....        (no amulet)
Stlth   ++           K - ring of see invisible
HPRegen 0.39/turn    L - ring of flight
MPRegen 0.13/turn

%: repel missiles
@: short of breath, flying, studying Shields
A: breathe steam, AC +8, unfitting armour, cold-blooded, steam resistance
a: Breathe Steam, Renounce Religion, Heroism, Finesse, Duel


You were on level 14 of the Dungeon.
You worshipped Okawaru.
Okawaru was exalted by your worship.
You visited 4 branches of the dungeon, and saw 19 of its levels.
You also visited: Sewer and Ossuary.

You collected 1158 gold pieces.
You spent 382 gold pieces at shops.

Inventory:

Hand Weapons
 e - the +6 triple sword of Macvu (weapon) {flame, rC+ Str+2}
   (Okawaru gifted it to you on level 13 of the Dungeon)

   Str+2:     It affects your strength (+2).
   rC+:       It protects you from cold.
Missiles
 m - 2 darts of dispersal
 z - 113 stones
 B - 30 poisoned darts (quivered)
 N - 2 curare-tipped darts
 P - a silver javelin
 T - 7 boomerangs
Armour
 a - the scarf "Nienalam" (worn) {repulsion, rF+ Dex+2}
   (Okawaru gifted it to you on level 13 of the Dungeon)

   Dex+2:     It affects your dexterity (+2).
   rF+:       It protects you from fire.
 c - an orb of light
 d - a +2 pair of gloves of hurling (worn)
 A - a +0 pair of boots (worn)
Jewellery
 i - a ring of wizardry
 K - a ring of see invisible (left hand)
 L - a ring of flight (right hand)
Wands
 k - a wand of flame (44)
 C - a wand of polymorph (1)
 G - a wand of mindburst (13)
 O - a wand of iceblast (7)
 R - a wand of acid (6)
 U - a wand of paralysis (10)
Scrolls
 f - a scroll of fear
 l - 4 scrolls of torment
 o - 4 scrolls of immolation
 q - 3 scrolls of amnesia
 u - 2 scrolls of summoning
 v - 2 scrolls of fog
 y - 5 scrolls of vulnerability
 H - 2 scrolls of poison
 I - a scroll of noise {unknown}
 J - a scroll of enchant armour
 Q - a scroll of revelation
Potions
 b - 2 potions of ambrosia
 g - 5 potions of resistance
 h - 2 potions of enlightenment
 j - a potion of haste
 n - 4 potions of brilliance
 r - 4 potions of lignification
 s - a potion of invisibility {unknown}
 w - 4 potions of curing
 x - 4 potions of attraction
 E - 4 potions of mutation
 F - a potion of might
 M - a potion of magic {unknown}
 S - a potion of cancellation {unknown}


   Skills:
 + Level 12.1 Fighting
 + Level 11.0 Long Blades
 * Level 13.6 Throwing
 + Level 10.2 Dodging
 + Level 3.4 Shields


You had 12 spell levels left.
You didn't know any spells.
Your spell library contained the following spells:

 Spells                   Type           Power      Damage    Failure   Level
 Magic Dart               Conj           0%         1d3       32%         1
 Lesser Beckoning         Tloc           0%         N/A       45%         2
 Gell's Gravitas          Tloc           0%         N/A       69%         3
 Hailstorm                Conj/Ice       0%         3d3       69%         3
 Inner Flame              Hex/Fire       0%         N/A       69%         3
 Mephitic Cloud           Conj/Pois/Air  0%         N/A       69%         3
 Teleport Other           Tloc           0%         N/A       69%         3
 Dimensional Bullseye     Hex/Tloc       0%         N/A       97%         4
 Flame Wave               Conj/Fire      0%         2d4       97%         4
 Iskenderun's Mystic Bla  Conj/Tloc      0%         2d3       97%         4
 Sticky Flame             Conj/Fire      0%         2d3       97%         4
 Call Imp                 Summ           Unusable   N/A       N/A         2
 Tukima's Dance           Hex            Unusable   N/A       N/A         3
 Summon Ice Beast         Ice/Summ       Unusable   N/A       N/A         4
 Simulacrum               Ice/Necr       Unusable   N/A       N/A         6

Dungeon Overview and Level Annotations

Branches:
Dungeon (15/15)            Temple (1/1) D:5            Lair (1/5) D:9
    Orc (2/2) D:12         Vaults (0/5) D:14          Sewer (visited)
Ossuary (visited)
    Elf: Orc:2       Depths: D:15

Altars:
Ashenzari
Cheibriados
Dithmenos
Elyvilon
Fedhas
Gozag
Hepliaklqana
Kikubaaqudgha
Makhleb
Nemelex Xobeh
Okawaru
Qazlal
Ru
Sif Muna
Trog
Uskayaw
Vehumet
Wu Jian
Xom
Yredelemnul
Zin
The Shining One

Shops:
D:2 ?   D:4 *   D:8 ?

Annotations:
D:5 2 transporters
D:10 2 transporters, lis82's ghost, novice DgAE
D:11 1 runed translucent door, Essalna's ghost, journeyman GrFE
D:12 1 runed translucent door, BinkBink's ghost, journeyman MiMo
Orc:2 Jorgrun


Innate Abilities, Weirdness & Mutations

You can breathe blasts of scalding, opaque steam.
Your pale cyan-grey scales are hard. (AC +8)
You cannot fit into any form of body armour.
You are cold-blooded and may be slowed by cold attacks.
You are immune to the effects of steam.


Message History

The two-headed ogre misses you. x2
You fly upwards.
There is a stone staircase leading down, spattered with blood here.
Aiming: Breathe Steam (1% risk of failure)
Press: ? - help, Shift-Dir - straight line, f - two-headed ogre
Aim: a two-headed ogre, wielding two +0 giant clubs (lightly wounded, 88% to hit)
You exhale a blast of scalding steam.
The ball of steam hits the two-headed ogre!
The two-headed ogre is moderately wounded.
The two-headed ogre is engulfed in a cloud of scalding steam.
The two-headed ogre hits you with a +0 giant club!
The two-headed ogre closely misses you.
You dice the two-headed ogre like an onion!!!
You burn the two-headed ogre!
The two-headed ogre is almost dead.
The two-headed ogre hits you with a +0 giant spiked club! x2
The two-headed ogre is engulfed in a cloud of scalding steam.
The two-headed ogre barely misses you. The two-headed ogre closely misses you.
You slash the two-headed ogre! You burn the two-headed ogre.
You kill the two-headed ogre!
Okawaru accepts your kill.
You barely miss the two-headed ogre.
You tail-slap the two-headed ogre, but do no damage.
The two-headed ogre is moderately wounded.
The two-headed ogre is engulfed in a cloud of scalding steam.
The two-headed ogre hits you with a +0 giant club!
* * * LOW HITPOINT WARNING * * *
The two-headed ogre misses you.
You slash the two-headed ogre! You burn the two-headed ogre.
The two-headed ogre is almost dead.
The two-headed ogre is engulfed in a cloud of scalding steam.
The two-headed ogre hits you with a +0 giant club!!
* * * LOW HITPOINT WARNING * * *
The two-headed ogre hits you with a +0 giant club.
* * * LOW HITPOINT WARNING * * *
You barely miss the two-headed ogre. You tail-slap the two-headed ogre.
The two-headed ogre is almost dead.
The two-headed ogre completely misses you.
The two-headed ogre hits you with a +0 giant club!
You die...

............#
#.#.#.....#.....#†#
##.#........#
#.#.########÷''##.#
####.......#
#.............[.).#
♣♣♣♣####.####
#.##########...####
...♣####.######.#
#..###
....'...(.......#
##...#
...♣#.##.#..#####
####.###
♣♣♣♣#.##....#
############.......
#####.....#.#
#)@O...§..##.....(.
#.....##....#
#..)..........)....
#####.##.##.#
#.........##.......
..# #.......#
#.........##.#.....
#.# ###...###
#.........##.......
#.# #...#
#..<......####.####
#.# #...#
#.........# #.....
#.# #...#
#.........# ######
#.# #...#
#.........########


You could see a two-headed ogre.

Vanquished Creatures
  A vault guard (D:14)
  2 hydras
  6 boulder beetles
  8 two-headed ogres
  2 centaur warriors (D:13)
  A death knight (D:10)
  A death yak (Lair:1)
  Nergalle (Orc:1)
  A wizard (D:14)
  4 deep elf pyromancers
  3 ugly things
  A necromancer (D:14)
  5 cyclopes
  5 manticores
  A gargoyle (D:11)
  A yaktaur (shapeshifter) (D:14)
  An unseen horror (D:12)
  A yaktaur (D:14)
  A freezing wraith (D:14)
  3 komodo dragons
  4 trolls
  A meliai (shapeshifter) (D:13)
  4 slime creatures (D:8)
  A shadow (D:12)
  A centaur simulacrum (D:15)
  13 yaks
  Sigmund (D:6)
  Eustachio (D:5)
  5 wraiths
  2 wyverns
  21 humans (D:14)
  2 steam dragons
  A warg (Orc:1)
  Edmund (D:5)
  An acid dragon (D:13)
  3 water moccasins
  3 orc warriors
  2 sky beasts (D:6)
  2 ice beasts (D:6)
  A meliai simulacrum (D:14)
  A black bear (D:5)
  4 ogres
  4 centaurs
  A phantom (D:5)
  A gnoll sergeant (D:6)
  7 kobold brigands
  5 bullfrogs
  2 scorpions
  10 wights
  15 killer bees
  2 howler monkeys
  A crimson imp (D:8)
  3 quasits
  3 hounds
  14 orc priests
  4 sleepcaps
  Jessica (D:2)
  An iguana (D:6)
  5 orc wizards
  8 mummies (Ossuary)
  5 gnolls (D:6)
  3 adders
  A river rat (D:6)
  6 shadow imps
  7 white imps
  10 ufetubi
  3 worms
  6 dart slugs
  53 orcs
  8 ball pythons
  4 endoplasms
  3 giant cockroaches (Sewer)
  11 goblins
  7 hobgoblins
  3 jackals (D:1)
  43 kobolds
  2 quokkas
  2 bats (D:3)
  4 frilled lizards
  A gnoll zombie (Ossuary)
  2 hobgoblin zombies (Ossuary)
  3 kobold zombies
  3 orc zombies (Ossuary)
  7 rats
408 creatures vanquished.

Vanquished Creatures (others)
  A tengu conjurer (D:15)
  Grinder (Sewer)
  2 orc wizards (D:5)
  A white imp (D:5)
  An ufetubus (D:5)
  An orc (D:5)
  2 endoplasms (Sewer)
  A quokka (D:5)
  3 kobold zombies (Sewer)
13 creatures vanquished.

Grand Total: 421 creatures vanquished

Notes
Turn   | Place    | Note
-------+----------+-------------------------------------------
     0 | D:1      | BinkBink the Draconian Monk began the quest for the Orb.
     0 | D:1      | Reached XP level 1. HP: 19/19 MP: 1/1
    45 | D:1      | Reached XP level 2. HP: 20/26 MP: 2/2
   301 | D:1      | Reached skill level 1 in Throwing
   335 | D:1      | Reached XP level 3. HP: 33/33 MP: 3/3
   598 | D:2      | Noticed Jessica
   602 | D:2      | Killed Jessica
   650 | D:2      | Reached XP level 4. HP: 40/40 MP: 4/4
   846 | D:2      | Found Sobuowy's Magic Scroll Boutique.
   859 | D:2      | Bought a scroll of identify for 20 gold pieces
   859 | D:2      | Bought a scroll of teleportation for 30 gold pieces
   900 | D:2      | Reached skill level 2 in Throwing
  2005 | D:4      | Reached XP level 5. HP: 31/46 MP: 5/5
  2088 | D:4      | Found Amask's General Store.
  2598 | D:4      | Found a sparkling altar of Nemelex Xobeh.
  2742 | D:5      | Entered Level 5 of the Dungeon
  2755 | D:5      | Noticed a water moccasin
  2860 | D:5      | Killed a water moccasin
  2861 | D:5      | Reached skill level 3 in Throwing
  2867 | D:5      | Reached XP level 6. HP: 39/53 MP: 6/6
  3086 | D:5      | Noticed Edmund
  3190 | D:5      | Reached skill level 5 in Fighting
  3190 | D:5      | Reached skill level 4 in Throwing
  3198 | D:5      | Your scales start taking on a pale cyan-grey colour.
  3198 | D:5      | Reached XP level 7. HP: 46/61 MP: 7/7
  3198 | D:5      | Gained mutation: You are immune to the effects of steam.
                  | [Pale Draconian growth]
  3456 | D:5      | Noticed Eustachio
  3496 | D:5      | Killed Eustachio
  3498 | D:5      | HP: 3/61 [ogre/+0 giant club (15)]
  3715 | D:5      | Reached skill level 5 in Throwing
  3986 | D:5      | Killed Edmund
  3987 | D:5      | Reached XP level 8. HP: 39/70 MP: 8/8
  3987 | D:5      | Found a transporter.
  4157 | D:5      | Found a staircase to the Ecumenical Temple.
  4166 | Temple   | Entered the Ecumenical Temple
  4195 | Temple   | Became a worshipper of Warmaster Okawaru
  4195 | Temple   | Reached * piety under Okawaru
  4195 | Temple   | Reached ** piety under Okawaru
  4353 | D:5      | Found a transporter.
  4518 | D:6      | Reached skill level 5 in Long Blades
  4691 | D:6      | Reached skill level 5 in Dodging
  4741 | D:6      | Found a blossoming altar of Fedhas.
  5008 | D:6      | Reached skill level 6 in Throwing
  5092 | D:6      | Found a glowing drain.
  5112 | Sewer    | Entered a sewer
  5355 | Sewer    | Found a burning altar of Makhleb.
  5518 | Sewer    | Noticed Grinder
  5536 | Sewer    | Paralysed by Grinder for 4 turns
  5547 | Sewer    | Killed Grinder
  5831 | D:6      | Reached XP level 9. HP: 41/78 MP: 9/9
  6088 | D:6      | Noticed Sigmund
  6129 | D:6      | Killed Sigmund
  6130 | D:6      | Reached skill level 7 in Throwing
  6747 | D:7      | Found a sand-covered staircase.
  6753 | Ossuary  | Entered an ossuary
  6764 | Ossuary  | Reached *** piety under Okawaru
  7786 | D:7      | Reached skill level 8 in Throwing
  7904 | D:7      | Found a basalt altar of Yredelemnul.
  8129 | D:7      | HP: 1/81 [poisoned by a hornet]
  8662 | D:8      | Reached **** piety under Okawaru
  8663 | D:8      | Reached XP level 10. HP: 38/88 MP: 10/10
  8888 | D:8      | Found Plog's Magic Scroll Emporium.
  9408 | D:8      | Found a burning altar of Makhleb.
  9502 | D:8      | Bought a scroll of identify for 24 gold pieces
  9502 | D:8      | Bought a scroll of poison for 48 gold pieces
  9502 | D:8      | Bought a scroll of identify for 24 gold pieces
  9502 | D:8      | Bought a scroll of enchant armour for 90 gold pieces
  9502 | D:8      | Bought a scroll of immolation for 48 gold pieces
  9502 | D:8      | Bought a scroll of amnesia for 48 gold pieces
 10061 | D:8      | Reached skill level 9 in Throwing
 10384 | D:8      | Reached ***** piety under Okawaru
 11325 | D:9      | Found a staircase to the Lair.
 11457 | D:10     | Entered Level 10 of the Dungeon
 11545 | D:10     | Found a shimmering blue altar of Sif Muna.
 11548 | D:10     | Found an opulent altar of Gozag.
 11551 | D:10     | Found a glowing silver altar of Zin.
 11562 | D:10     | Found a white marble altar of Elyvilon.
 11587 | D:10     | Found a transporter.
 11588 | D:10     | Noticed a deep elf pyromancer
 11588 | D:10     | Noticed lis82's ghost (novice DgAE)
 11589 | D:10     | Found a transporter.
 11621 | D:10     | Found a bloodstained altar of Trog.
 11660 | D:10     | Noticed a two-headed ogre
 11672 | D:10     | Killed a two-headed ogre
 11938 | D:10     | Received a gift from Okawaru
 12044 | D:10     | Found a radiant altar of Vehumet.
 12053 | D:10     | Reached XP level 11. HP: 97/97 MP: 11/11
 12161 | D:10     | Noticed a two-headed ogre
 12168 | D:10     | Killed a two-headed ogre
 12169 | D:10     | Reached skill level 10 in Throwing
 12182 | D:10     | Noticed a death knight
 12204 | D:10     | Killed a death knight
 12850 | D:11     | Noticed a boulder beetle
 12868 | D:11     | Killed a boulder beetle
 13063 | D:11     | Noticed a boulder beetle
 13079 | D:11     | Killed a boulder beetle
 13331 | D:11     | Noticed a boulder beetle
 13348 | D:11     | Killed a boulder beetle
 13946 | D:11     | Received a gift from Okawaru
 13962 | D:11     | Noticed a two-headed ogre
 13975 | D:11     | Killed a two-headed ogre
 13976 | D:11     | Reached skill level 10 in Fighting
 13976 | D:11     | Reached skill level 11 in Throwing
 14175 | D:11     | Noticed a white ugly thing
 14184 | D:11     | Killed a white ugly thing
 14530 | D:11     | Found a runed translucent door.
 14530 | D:11     | Noticed a deep troll
 14530 | D:11     | Noticed Essalna's ghost (journeyman GrFE)
 14669 | D:12     | Noticed a purple ugly thing
 14695 | D:11     | Killed a purple ugly thing
 14882 | D:12     | You are sucked into a shaft and drop 1 floor!
 15070 | D:13     | Noticed a deep elf pyromancer
 15072 | D:13     | Noticed a centaur warrior
 15075 | D:13     | Killed a deep elf pyromancer
 15089 | D:13     | Killed a centaur warrior
 15089 | D:13     | Reached ****** piety under Okawaru
 15090 | D:13     | Reached XP level 12. HP: 53/107 MP: 12/12
 15298 | D:13     | Noticed a centaur warrior
 15312 | D:13     | Killed a centaur warrior
 16102 | D:12     | Found a runed translucent door.
 16102 | D:12     | Found a shimmering altar of Xom.
 16102 | D:12     | Noticed BinkBink's ghost (journeyman MiMo)
 16103 | D:12     | Found the +3 crown of Dyrovepreva {rElec Int+2 SInv}
 16131 | D:12     | Received a gift from Okawaru
 16152 | D:12     | Noticed a boulder beetle
 16270 | D:12     | Noticed a boulder beetle
 16290 | D:12     | Killed a boulder beetle
 16486 | D:11     | Reached skill level 12 in Throwing
 16742 | D:12     | Killed a boulder beetle
 16952 | D:12     | Found a staircase to the Orcish Mines.
 17221 | D:12     | Paralysed by a deep elf pyromancer for 3 turns
 17526 | D:13     | Noticed an eight-headed hydra
 17852 | Lair:1   | Entered Level 1 of the Lair of Beasts
 17897 | Lair:1   | Reached skill level 10 in Long Blades
 18274 | Lair:1   | Noticed a death yak
 18274 | Lair:1   | Noticed a death yak
 18447 | Orc:1    | Entered Level 1 of the Orcish Mines
 18561 | Orc:1    | Noticed a two-headed ogre
 18568 | Orc:1    | Killed a two-headed ogre
 18651 | Orc:1    | Noticed Nergalle
 18667 | Orc:1    | Killed Nergalle
 18841 | D:7      | Received a gift from Okawaru
 19010 | D:2      | Bought a scroll of identify for 20 gold pieces
 19010 | D:2      | Bought a scroll of teleportation for 30 gold pieces
 19234 | Lair:1   | Killed a death yak
 19234 | Lair:1   | Noticed a death yak
 19236 | Lair:1   | Noticed a death yak
 19236 | Lair:1   | Noticed a death yak
 19430 | Orc:2    | Entered Level 2 of the Orcish Mines
 19437 | Orc:2    | Noticed Jorgrun
 19801 | D:14     | Reached XP level 13. HP: 113/116 MP: 13/13
 19838 | D:14     | Reached skill level 13 in Throwing
 19921 | D:14     | Found a gate to the Vaults.
 20209 | D:14     | Received a gift from Okawaru
 20449 | D:14     | Reached skill level 10 in Dodging
 21115 | D:14     | Reached skill level 1 in Shields
 21700 | D:13     | Acquired the +6 triple sword of Macvu {flame, rC+ Str+2}
 21700 | D:13     | Received a gift from Okawaru
 21709 | D:13     | Acquired the scarf "Nienalam" {repulsion, rF+ Dex+2}
 21709 | D:13     | Received a gift from Okawaru
 22005 | D:15     | Entered Level 15 of the Dungeon
 22063 | D:14     | Received a gift from Okawaru
 22472 | D:14     | HP: 2/118 [two-headed ogre/+0 giant club (5)]
 22473 | D:14     | Mangled by a two-headed ogre

Illustrated notes

Levels and vault maps discovered:
D:1:      co_arrival_random_square_maze, layout_rooms
D:2:      layout_basic, serial_shops, nicolae_lakefront_shop,
          chequers_decorated_corner, uniq_jessica
D:3:      layout_basic, hex_medium, minmay_misc_feat_rows, serial_bayou_pond_d
D:4:      layout_loops_ring, nemelex_spade_bored_becter, serial_shops,
          nicolae_shop_statue_plus
D:5:      gammafunk_cloud_chamber, layout_loops_ring, lemuel_temple_firewalk_b,
          serial_demonic, serial_demonic_b, serial_demonic_g, serial_demonic_a,
          serial_demonic_c, serial_demonic_a, serial_demonic_e,
          serial_demonic_a, serial_demonic_c, uniq_edmund, uniq_eustachio
D:6:      layout_basic, lemuel_round_altar, portal_sewer_entry_a, uniq_sigmund
D:7:      layout_gridville, mainiacjoe_overflow_brackets,
          nicolae_ossuary_entry_monument
D:8:      layout_gridville, makhleb_grotto_becter, serial_shops,
          nicolae_shop_window_shopping, blue_anna_alchemist
D:9:      layout_rooms, dpeg_oklobed_lair, serial_bayou_ford_a
D:10:     layout_roguey, fiery_altar_vehumet, grunt_temple_overflow_cloverleaf,
          kennysheep_little_box, gammafunk_ghost_arena, david_defended_altar_orc
D:11:     layout_loops_corners, ebering_ghost_inner_flame, hex_tiny,
          lemuel_nasty_fountain
D:12:     layout_big_octagon, hiddenorc2_lemuel, gauntlet_entry_generic,
          ebering_ghost_xom, portal_ice_cave_entry_pillars_1
D:13:     layout_loops_cross
D:14:     layout_loops_cross, grunt_vaults_entry_tiered, kennysheep_minor_cross
D:15:     grunt_enter_depths_hoard, layout_rooms, grunt_decor_mini_mirrors
Temple:   hc_temple_tempest_star
Lair:1:   layout_cave_pods
Orc:1:    layout_caves, uniq_nergalle
Orc:2:    st_orc_town, layout_caves, basic_altar, kennysheep_orc_chapel,
          uniq_urug, uniq_jorgrun

Skill      XL: |  1  2  3  4  5  6  7  8  9 10 11 12 13 |
---------------+----------------------------------------+-----
Dodging        | 3 4 5 6 7 8 9 10 | 10.2
Throwing       | 1 2 3 4 5 6 8 9 11 12 13 | 13.6
Fighting       | 4 5 6 7 9 10 11 12 | 12.1
Long Blades    | 4 5 6 8 9 10 11 | 11.0
Shields        | 3 |  3.4

Action                     |  1- 3 |  4- 6 |  7- 9 | 10-12 | 13-15 || total
---------------------------+-------+-------+-------+-------+-------++-------
  Melee: Falchion          |    18 |   157 |   601 |   569 |   105 ||  1450
         Tailslap          |     3 |    22 |   136 |   118 |    35 ||   314
         Triple sword      |       |       |       |       |    17 ||    17
   Fire: Sling             |       |    14 |       |       |       ||    14
  Throw: Boomerang         |    52 |     1 |       |    11 |     7 ||    71
         Stone             |       |     5 |       |       |       ||     5
         Dart              |       |       |    15 |   281 |    91 ||   387
 Invoke: Heroism           |       |       |       |       |     1 ||     1
         Receive Weapon    |       |       |       |       |     1 ||     1
         Receive Armour    |       |       |       |       |     1 ||     1
Ability: Breathe Steam     |       |       |    10 |    75 |    25 ||   110
    Use: Potion            |       |       |     4 |     7 |     3 ||    14
         Scroll            |       |       |     8 |    15 |     4 ||    27
 Armour: Skin              |    31 |   108 |   361 |   378 |   123 ||  1001
  Dodge: Dodged            |    27 |   121 |   481 |   418 |   114 ||  1161

Table legend: (Time is in decaauts)
 A = Elapsed time spent in this place.
 B = Non-inter-level travel time spent in this place.
 C = Inter-level travel time spent in this place.
 D = Time resting spent in this place.
 E = Time spent auto-exploring this place.
 F = Levels seen in this place.
 G = Mean time per level.
                   A        B        C        D        E       F      G
               +--------+--------+--------+--------+--------+-----+--------+
         Total |  22419 |  21016 |   1403 |      2 |  16435 |  21 | 1067.6 |
       Dungeon |  20474 |  19150 |   1324 |      2 |  15155 |  15 | 1364.9 |
        Temple |     56 |     29 |     27 |      0 |      0 |   1 |   56.0 |
          Lair |    451 |    449 |      2 |      0 |    300 |   1 |  451.0 |
  Orcish Mines |    445 |    395 |     50 |      0 |    324 |   2 |  222.5 |
         Sewer |    636 |    636 |      0 |      0 |    420 |   1 |  636.0 |
       Ossuary |    355 |    355 |      0 |      0 |    235 |   1 |  355.0 |
               +--------+--------+--------+--------+--------+-----+--------+

Top non-repeatable levels by time:
    D:11: 2593 daAuts
    D:14: 2427 daAuts
     D:8: 2237 daAuts
    D:13: 1715 daAuts
     D:6: 1616 daAuts
     D:7: 1478 daAuts
    D:12: 1383 daAuts
     D:5: 1380 daAuts
    D:10: 1274 daAuts
     D:4: 1077 daAuts
     D:9: 1074 daAuts
     D:3: 833 daAuts
     D:2: 753 daAuts
   Sewer: 636 daAuts
     D:1: 562 daAuts
